AoeStats
← photphet

Lombardia

507440805Analyzed
4v4 RM · 15d ago on Sep 18, 2026· 40m 15s· 8 players
Game mode
Random Map
Map size
Large (8 player)
Population
200
Speed
Normal
Resources
Standard
Victory
Conquest
Starting age
Dark Age
Ending age
Imperial Age
RankedLock teamsTeams togetherTeam positionsShared explorationLock speedFull tech treeHidden civsTurbo modeCheats
Victory
Defeat
🇷🇴 Sicilians · Romania
830
+9
🇯🇵 Bohemians · Japan
775
+11
🇵🇹 Ethiopians · Portugal
752
+13
🇨🇳 Cumans · China
743
+12
🇨🇳 Sicilians · China
727
-13
🇹🇷 Aztecs · Türkiye
652
-11
🇹🇷 Mongols · Türkiye
649
-11
🇨🇳 Huns · China
643
-10
taiko
0:42 Loom
11:49 Feudal Age
13:05 Wheelbarrow
12:18 Double-Bit Axe
12:26 Gold Mining
12:19 Horse Collar
19:16 Stone Mining
22:22 Castle Age
22:30 Crossbowman
23:30 Hand Cart
23:29 Bow Saw
24:01 Gold Shaft Mining
24:12 Stone Shaft Mining
23:05 Crossbowman
29:47 Ballistics
34:42 Imperial Age
32:19 Padded Archer Armor
32:10 Fletching
33:03 Thumb Ring
34:06 Bodkin Arrow
34:27 Leather Archer Armor
34:49 Arbalester
34:53 Capped Ram
35:55 Heavy Plow
板蓝根
9:58 Feudal Age
10:24 Double-Bit Axe
13:10 Man-at-Arms
27:27 Castle Age
26:32 Bloodlines
26:18 Horse Collar
26:35 Stone Mining
27:43 Scale Barding Armor
27:51 Forging
28:33 Gold Mining
29:04 Light Cavalry
31:11 Chain Barding Armor
31:52 Iron Casting
40:36 Imperial Age
38:44 Wheelbarrow
37:54 Loom
37:55 Town Watch
photphet
12:16 Feudal Age
12:21 Loom
13:17 Double-Bit Axe
17:04 Castle Age
15:54 Padded Archer Armor
19:47 Horse Collar
20:41 Bow Saw
21:37 Wheelbarrow
25:33 Hand Cart
27:20 Chemistry
27:21 Town Watch
32:17 Imperial Age
32:35 Leather Archer Armor
34:14 Town Patrol
33:53 Houfnice
36:52 Ring Archer Armor
38:33 Scale Mail Armor
38:39 Scale Barding Armor
TheOther
0:47 Loom
10:18 Feudal Age
11:38 Wheelbarrow
10:57 Double-Bit Axe
12:18 Stone Mining
13:55 Gold Mining
16:07 Horse Collar
17:08 Fletching
29:36 Castle Age
30:02 Elite Skirmisher
30:44 Pikeman
31:11 Arson
32:38 Bodkin Arrow
33:51 Padded Archer Armor
36:55 Forging
36:46 Scale Mail Armor
杜蕾斯
0:40 Loom
11:43 Feudal Age
12:54 Double-Bit Axe
13:19 Horse Collar
18:54 Gold Mining
18:55 Stone Mining
23:02 Castle Age
23:20 Forging
23:10 Scale Mail Armor
29:45 Heavy Plow
29:58 Bow Saw
34:30 Masonry
34:26 Murder Holes
35:23 First Crusade
35:53 Wheelbarrow
37:58 Hand Cart
37:31 Town Watch
38:19 Town Patrol
38:44 Ballistics
39:05 Gold Shaft Mining
39:12 Stone Shaft Mining
Ejderya
8:30 Loom
12:19 Feudal Age
13:04 Double-Bit Axe
19:59 Castle Age
22:55 Squires
24:01 Forging
27:07 Wheelbarrow
26:26 Eagle Warrior
26:58 Gambesons
27:53 Iron Casting
27:19 Scale Mail Armor
27:18 Stone Mining
27:46 Bow Saw
28:32 Gold Mining
30:09 Hand Cart
30:02 Horse Collar
32:20 Chain Mail Armor
38:03 Imperial Age
mhaliddur
12:50 Feudal Age
13:31 Double-Bit Axe
13:30 Horse Collar
15:47 Gold Mining
16:16 Stone Mining
16:24 Loom
25:57 Castle Age
26:46 Padded Archer Armor
26:36 Fletching
26:20 Elite Skirmisher
28:09 Thumb Ring
28:45 Leather Archer Armor
30:59 Gold Shaft Mining
31:53 Bodkin Arrow
湛叔
2:43 Loom
12:41 Feudal Age
13:16 Horse Collar
13:22 Double-Bit Axe
15:59 Wheelbarrow
16:24 Bloodlines
17:05 Gold Mining
18:54 Stone Mining
36:23 Scale Barding Armor
36:30 Forging
40:16 Castle Age
Connection lost

Rejoining the realm…

Still unreachable

The connection could not be restored.

Session expired

The server has moved on; the page needs a fresh start.